 Dungeon Crawl Stone Soup version 0.30-a0-711-gf4ac18a38d (webtiles) character file.

Game seed: 4401114032027903644

116961 Newt the Champion of Chaos (level 16, -18/122 HPs)
             Began as a Demonspawn Gladiator on Jan 22, 2023.
             Was the Champion of Makhleb.
             Killed by the raging water
             ... invoked by a water nymph
              (24 damage)
             ... on level 4 of the Shoals.
             The game lasted 00:52:25 (24739 turns).

Newt the Champion of Chaos (Demonspawn Gladiator)  Turns: 24739, Time: 00:52:26

Health: -18/122    AC: 24    Str: 20    XL:     16   Next: 22%
Magic:  18/28      EV: 21    Int:  5    God:    Makhleb [******]
Gold:   1769       SH: 23    Dex: 24    Spells: 28/31 levels left

rFire   . . .      SeeInvis .    k - +9 dagger of the Charming Penguin {freeze, rC+ rN++ Int-4}
rCold   + . .      Faith    .    e - +0 kite shield {AC+3}
rNeg    + + .      Spirit   .    b - +2 troll leather armour
rPois   .          Reflect  +    (helmet restricted)
rElec   .          Harm     .    E - scarf {shadows}
rCorr   .          Rampage  .    A - +2 pair of gloves
Will    +....                    (no boots)
Stlth   +++                      P - amulet of reflection
HPRegen 1.20/turn                n - +5 ring of evasion
MPRegen 0.21/turn                p - +6 ring of dexterity

@: mesmerised, studying Shields, very slow
A: hooves 2, icy blue scales 1, demonic guardian 1, icemail 2, black mark,
condensation shield, bedeviling, beak, sense surroundings 1
a: Renounce Religion, Minor Destruction, Lesser Servant of Makhleb, Major
Destruction, Greater Servant of Makhleb


You were on level 4 of the Shoals.
You worshipped Makhleb.
Makhleb was exalted by your worship.
You visited 6 branches of the dungeon, and saw 24 of its levels.
You also visited: Ossuary.

You collected 2939 gold pieces.
You spent 1170 gold pieces at shops.

Inventory:

Hand Weapons
 k - the +9 dagger of the Charming Penguin (weapon) {freeze, rC+ rN++ Int-4}
   (You found it on level 6 of the Dungeon)

   Int:       It affects your intelligence (-4).
   rC:        It protects you from cold.
   rN:        It greatly protects you from negative energy.
Missiles
 d - 2 throwing nets
Armour
 b - a +2 troll leather armour (worn)
 e - a +0 kite shield of protection (worn)
 g - the +1 leather armour of Classification {rF+ rN++}
   (You bought it in a shop on level 2 of the Orcish Mines)

   rF:        It protects you from fire.
   rN:        It greatly protects you from negative energy.
 l - the +1 chain mail of the Dropbear {Regen+ rCorr}
   (You found it on level 4 of the Dungeon)

   Regen:     It increases your rate of health regeneration.
   rCorr:     It protects you from acid and corrosion.
 v - a +2 buckler
 A - a +2 pair of gloves (worn)
 E - a scarf of shadows (worn)
Jewellery
 n - a +5 ring of evasion (left hand)
 p - a +6 ring of dexterity (right hand)
 z - a ring of see invisible
 C - a +6 ring of intelligence
 L - a +4 ring of protection
 P - an amulet of reflection (around neck)
 V - an amulet of guardian spirit
 Z - a ring of resist corrosion
Wands
 c - a wand of paralysis (1)
 o - a wand of digging (10)
 w - a wand of roots (15)
 D - a wand of polymorph (14)
 O - a wand of quicksilver (14)
 Q - a wand of flame (28)
Scrolls
 h - 8 scrolls of teleportation
 m - a scroll of fog
 q - a scroll of silence
 r - 3 scrolls of enchant armour
 u - a scroll of brand weapon
 x - 6 scrolls of enchant weapon
 y - 2 scrolls of summoning
 B - 6 scrolls of fear
 F - 3 scrolls of magic mapping
 I - 6 scrolls of identify
 N - 2 scrolls of amnesia
 U - 3 scrolls of blinking
Potions
 i - 11 potions of curing
 j - a potion of resistance
 s - 2 potions of ambrosia
 t - 4 potions of haste
 G - 6 potions of lignification
 H - a potion of cancellation
 J - 2 potions of flight
 K - 2 potions of magic
 M - 2 potions of mutation
 T - 5 potions of brilliance
Miscellaneous
 a - a tin of tremorstones (2/2)
 R - a piece from Xom's chessboard (15/15)
 S - a condenser vane
 W - a phantom mirror (inert)
 Y - a box of beasts (inert)


   Skills:
 - Level 10.0 Fighting
 - Level 10.0 Short Blades
 - Level 6.0 Maces & Flails
 - Level 1.7 Throwing
 - Level 9.0 Armour
 - Level 7.0 Dodging
 - Level 10.0 Stealth
 - Level 12.0 Shields
 - Level 8.0 Spellcasting
 + Level 5.7 Hexes
 - Level 15.0 Invocations
 - Level 8.0 Evocations


You had 28 spell levels left.
You knew the following spells:

 Your Spells              Type           Power      Damage    Failure   Level
a - Tukima's Dance        Hex            11%        N/A       16%         3

Your spell library contained the following spells:

 Spells                   Type           Power      Damage    Failure   Level
 Portal Projectile        Hex/Tloc       14%        N/A       45%         3
 Summon Guardian Golem    Hex/Summ       7%         N/A       45%         3
 Freeze                   Ice            8%         1d3       50%         1
 Magic Dart               Conj           8%         1d3       50%         1
 Necrotise                Necr           8%         1d4       50%         1
 Sandblast                Erth           4%         2d4       50%         1
 Sting                    Tmut/Pois      8%         1d3       50%         1
 Summon Small Mammal      Summ           8%         N/A       50%         1
 Blink                    Tloc           4%         N/A       63%         2
 Call Imp                 Summ           2%         N/A       63%         2
 Lesser Beckoning         Tloc           4%         N/A       63%         2
 Passwall                 Tmut/Erth      1%         N/A       63%         2
 Scorch                   Fire           4%         2d5       63%         2
 Static Discharge         Conj/Air       4%         2-3/arc   63%         2
 Call Canine Familiar     Summ           2%         N/A       86%         3
 Frozen Ramparts          Ice            4%         1d1       86%         3
 Gell's Gravitas          Tloc           2%         N/A       86%         3
 Hailstorm                Conj/Ice       2%         3d3       86%         3
 Ignite Poison            Fire/Tmut/Pois 2%         N/A       86%         3
 Mephitic Cloud           Conj/Pois/Air  2%         N/A       86%         3
 Stone Arrow              Conj/Erth      4%         3d7       86%         3
 Teleport Other           Tloc           2%         N/A       86%         3
 Vampiric Draining        Necr           2%         2d6       86%         3
 Vhi's Electric Charge    Tloc/Air       4%         N/A       86%         3
 Flame Wave               Conj/Fire      2%         2d4       99%         4
 Manifold Assault         Tloc           2%         N/A       99%         4
 Petrify                  Tmut/Erth      2%         N/A       99%         4
 Sticky Flame             Conj/Fire      2%         2d3       99%         4
 Summon Ice Beast         Ice/Summ       2%         N/A       99%         4
 Metabolic Englaciation   Hex/Ice        3%         N/A       99%         5
 Summon Mana Viper        Hex/Summ       7%         N/A       99%         5
 Agony                    Necr           2%         N/A       100%        5
 Arcjolt                  Conj/Air       1%         1d11      100%        5
 Blade Hands              Tmut           1%         N/A       100%        5
 Irradiate                Conj/Tmut      1%         3d12      100%        5
 Lightning Bolt           Conj/Air       1%         1d12      100%        5
 Dispersal                Tloc           1%         N/A       100%        6
 Statue Form              Tmut/Erth      1%         N/A       100%        6
 Summon Cactus Giant      Summ           1%         N/A       100%        6
 Monstrous Menagerie      Summ           1%         N/A       100%        7
 Storm Form               Tmut/Air       1%         N/A       100%        7
 Ignition                 Fire           1%         3d3       100%        8


Dungeon Overview and Level Annotations

Branches:
Dungeon (12/15)            Temple (1/1) D:5            Lair (5/5) D:9
 Shoals (4/4) Lair:3        Snake (1/4) Lair:2        Slime (0/5) Lair:5
    Orc (2/2) D:12            Elf (0/3) Orc:2       Ossuary (visited)

Altars:
Ashenzari
Cheibriados
Dithmenos
Gozag
Kikubaaqudgha
Makhleb
Nemelex Xobeh
Okawaru
Qazlal
Ru
Sif Muna
Trog
Uskayaw
Vehumet
Wu Jian
Xom
Yredelemnul
Jiyva

Shops:
D:10 :   Orc:1 =   Orc:2 (*=*[**(   Shoals:2 *!   Shoals:3 ?

Annotations:
Lair:4 2 transporters
Shoals:4 Bai Suzhen


Innate Abilities, Weirdness & Mutations

You have hoof-like feet.
You are partially covered in icy blue scales. (AC +2)
A weak demonic guardian rushes to your aid.
A meltable icy envelope protects you from harm. (AC +8)
Your melee attacks may debilitate your foes.
A meltable shield of frost defends you. (SH +4)
Your hexes are more powerful.
You have a beak for a mouth.
You passively map a small area around you.


Message History

The merfolk avatar is drained!
Your kick misses the merfolk avatar.
The merfolk avatar is severely wounded.
Bai Suzhen shimmers and vanishes!
You block the harpy's attack. x2
The merfolk avatar chants its luring song.
You hit the merfolk avatar. You freeze the merfolk avatar.
You kick the merfolk avatar.
The merfolk avatar is severely wounded.
You block the harpy's attack. x2; Your ice devil hits Bai Suzhen.
Your ice devil freezes Bai Suzhen.
Bai Suzhen resists.
Your merfolk hits Bai Suzhen from afar with a +0 trident.
The merfolk avatar chants its luring song.
You hit the merfolk avatar. You freeze the merfolk avatar.
The merfolk avatar is drained!
You kick the merfolk avatar, but do no damage.
Your peck misses the merfolk avatar.
The merfolk avatar is almost dead.
You are standing in a thunderstorm.
The harpy claws you but does no damage. You block the harpy's attack.
Your merfolk hits the four-headed hydra with a +0 trident!!
Your merfolk's attack snaps the four-headed hydra out of its fear.
You puncture the merfolk avatar! You freeze the merfolk avatar.
The merfolk avatar is drained!
You kick the merfolk avatar, but do no damage.
The merfolk avatar is almost dead.
You are standing in a thunderstorm.
Bai Suzhen grumbles, "Damn that jealous turtle monk."
You block Bai Suzhen's attack. x2
Bai Suzhen tramples you but does no damage.
Your merfolk hits the four-headed hydra with a +0 trident!!
The water nymph casts a spell at you. The water swirls and strikes you!
* * * LOW HITPOINT WARNING * * *
You feel better.
You are standing in a thunderstorm.
You block the harpy's attack. x2; Bai Suzhen bites you!
* * * LOW HITPOINT WARNING * * *
Bai Suzhen misses you. Bai Suzhen completely misses you.
The water nymph points at you and mumbles some strange words.
The water swirls and strikes you!!
You die...

~...
#mH....~........~~~~ ,
....*
#m....~.)..........~ ~
,.....(~~~~~..........~~
≈.....~~m~~....... ,~ ,
≈~.~..~≈≈≈≈....### ~
≈≈≈C~~~≈~....### , ~
≈.~~≈≈≈H.....##,
~≈~.~≈≈§§§.....# , ,
≈≈~~≈m@D4###~~# ~
≈≈~~~~§§§§##~## # ~
,≈≈~.~~D.m§..[~# .. ,
.~~~~~.m...[.~#... ,
..≈≈≈~~..~~~.)~#* ,
~~≈≈~....~~<.#.####~
~≈≈≈~~....~..#....~ ,
≈≈~~~)~~~)......~ ~
≈≈~~~~)~))......~


You could see Bai Suzhen (clouds, ally target), a merfolk avatar (mesmerising,
drained), a four-headed hydra (summoned, ally target), a cyclops, a water nymph,
a harpy (ally target), 2 friendly merfolk and a friendly ice devil (summoned).

Vanquished Creatures
  The ghost of Roluilex the Marksdemigod, an adept DgIE (Shoals:3)
  A frost giant (Shoals:4)
  An orc warlord (Orc:2)
  Azrael (Orc:2)
  3 merfolk impalers
  A fire dragon (Lair:5)
  A merfolk javelineer (Shoals:4)
  Fannar (Orc:2)
  8 hydras
  Erolcha (D:9)
  4 merfolk aquamancers
  2 merfolk avatars (Shoals:4)
  2 anacondas (Snake:1)
  3 boulder beetles
  A tengu warrior (D:9)
  2 centaur warriors
  3 two-headed ogres
  A satyr (Shoals:3)
  Urug (Lair:5)
  4 death yaks (Lair:4)
  2 naga warriors (Snake:1)
  3 orc high priests (Orc:2)
  8 sea snakes
  Lodul (D:12)
  A deep elf pyromancer (D:8)
  4 harpies (Shoals:3)
  3 lindwurms
  An orc knight (Orc:2)
  4 orc sorcerers (Orc:2)
  4 ugly things
  4 mana vipers
  8 fauns
  10 manticores
  10 elephants
  A salamander (shapeshifter) (D:10)
  7 black mambas
  8 merfolk sirens
  6 water nymphs
  A guardian serpent (Snake:1)
  A torpor snail (Lair:1)
  2 gargoyles
  An unseen horror (D:12)
  15 cane toads
  A rime drake (Lair:4)
  9 komodo dragons
  4 trolls
  A kobold demonologist (D:12)
  13 merfolk
  3 polar bears
  A wind drake (Shoals:3)
  A blink frog (shapeshifter) (D:8)
  6 snapping turtles
  5 blink frogs
  A dream sheep (Shoals:3)
  Sigmund (D:6)
  6 water elementals
  6 wyverns
  A wraith (D:12)
  7 basilisks
  9 yaks
  2 fire elementals (Orc:1)
  5 steam dragons
  6 vampire mosquitoes
  Menkaure (D:6)
  8 nagas
  A warg (Orc:1)
  12 water moccasins
  9 hell hounds
  An ice beast (D:5)
  A sky beast (D:7)
  3 black bears
  33 orc warriors
  8 ogres
  4 centaurs
  18 wolves
  A phantom (D:5)
  A kobold brigand (D:9)
  10 bullfrogs
  Blork the orc (D:6)
  4 gnoll sergeants
  3 necrophages
  5 scorpions
  6 wights (D:9)
  13 killer bees
  6 howler monkeys
  3 electric eels
  4 lava snakes (Lair:5)
  3 hounds
  A jelly (D:6)
  22 orc priests
  3 iguanas
  34 orc wizards
  8 mummies (Ossuary)
  6 adders
  14 gnolls
  A white imp (D:6)
  2 ufetubi
  A worm (D:4)
  2 dart slugs
  91 orcs
  2 ball pythons
  6 endoplasms (D:1)
  2 giant cockroaches (D:4)
  11 goblins
  5 hobgoblins
  2 jackals (D:2)
  A quokka (D:5)
  3 training dummies (Orc:2)
  7 bats (D:1)
  6 frilled lizards
  3 gnoll zombies (Ossuary)
  2 hobgoblin zombies (Ossuary)
  5 kobolds
  2 kobold zombies (Ossuary)
  An orc zombie (Ossuary)
  2 rats
639 creatures vanquished.

Vanquished Creatures (collateral kills)
  Ilsuiw (Shoals:3)
  A merfolk javelineer (Shoals:4)
  A merfolk impaler (Shoals:4)
  A death yak (Lair:4)
  A satyr (Shoals:3)
  2 sea snakes
  2 orc knights (Orc:2)
  A cyclops (Shoals:3)
  2 merfolk sirens
  2 molten gargoyles (Lair:5)
  A cane toad (Lair:1)
  A komodo dragon (Lair:5)
  5 merfolk
  A troll (D:9)
  A dream sheep (Shoals:3)
  2 snapping turtles (Shoals:3)
  3 yaks (Lair:4)
  A naga (Lair:2)
  4 orc warriors (Orc:2)
  A wolf (Lair:4)
  4 orc priests
  3 orc wizards
  An orc (D:10)
42 creatures vanquished.

Vanquished Creatures (others)
  A manticore (Shoals:2)
  A merfolk (Shoals:4)
  2 orc wizards (Orc:2)
  5 orcs (Orc:2)
  A bush (Lair:5)
  7 fungi
  32 plants
49 creatures vanquished.

Grand Total: 730 creatures vanquished

Notes
Turn   | Place    | Note
-------+----------+-------------------------------------------
     0 | D:1      | Newt the Demonspawn Gladiator began the quest for the Orb.
     0 | D:1      | Reached XP level 1. HP: 16/16 MP: 1/1
   105 | D:1      | Reached skill level 1 in Stealth
   194 | D:1      | Gained mutation: You have large cloven feet. [demonic
                  | ancestry]
   194 | D:1      | Reached XP level 2. HP: 15/22 MP: 2/2
   799 | D:1      | Gained mutation: A meltable shield of frost defends you.
                  | (SH +4) [demonic ancestry]
   799 | D:1      | Reached XP level 3. HP: 28/28 MP: 3/3
  1739 | D:2      | You fall into a shaft and drop 2 floors!
  1867 | D:4      | Reached XP level 4. HP: 37/37 MP: 4/4
  1906 | D:4      | Noticed a scorpion
  1913 | D:4      | Killed a scorpion
  1914 | D:4      | Gained mutation: A weak demonic guardian rushes to your
                  | aid. [demonic ancestry]
  1914 | D:4      | Reached XP level 5. HP: 27/42 MP: 5/5
  2087 | D:4      | Identified the +1 chain mail of the Dropbear {Regen+ rCorr}
  2327 | D:4      | Found a sacrificial altar of Ru.
  2333 | D:4      | Gained mutation: You are partially covered in icy blue
                  | scales. (AC +2) [demonic ancestry]
  2333 | D:4      | Reached XP level 6. HP: 48/48 MP: 6/6
  2471 | D:5      | Entered Level 5 of the Dungeon
  2547 | D:5      | Noticed a water moccasin
  2554 | D:5      | Killed a water moccasin
  2614 | D:5      | Found a staircase to the Ecumenical Temple.
  2623 | Temple   | Entered the Ecumenical Temple
  2927 | Temple   | Became a worshipper of Makhleb the Destroyer
  2981 | D:5      | Reached skill level 5 in Maces & Flails
  3023 | D:5      | Gained mutation: Your hexes are more powerful. [demonic
                  | ancestry]
  3023 | D:5      | Reached XP level 7. HP: 54/54 MP: 7/7
  3099 | D:5      | Reached skill level 1 in Armour
  3312 | D:6      | Noticed Blork the orc
  3320 | D:6      | Killed Blork the orc
  3386 | D:6      | Noticed a steam dragon
  3398 | D:6      | Killed a steam dragon
  3474 | D:6      | Reached XP level 8. HP: 60/60 MP: 8/8
  3563 | D:6      | Noticed Sigmund
  3570 | D:6      | Killed Sigmund
  3571 | D:6      | Reached skill level 5 in Fighting
  3572 | D:6      | Identified the +9 dagger of the Charming Penguin {freeze,
                  | rC+ rN++ Int-4}
  4071 | D:6      | Noticed Menkaure
  4076 | D:6      | Killed Menkaure
  4273 | D:7      | Reached skill level 5 in Short Blades
  4277 | D:7      | Reached * piety under Makhleb
  4560 | D:7      | Gained mutation: A meltable icy envelope protects you from
                  | harm. (AC +8) [demonic ancestry]
  4560 | D:7      | Reached XP level 9. HP: 69/69 MP: 9/9
  4945 | D:8      | Reached skill level 5 in Stealth
  4958 | D:8      | Found a sand-covered staircase.
  4964 | Ossuary  | Entered an ossuary
  4986 | Ossuary  | Reached ** piety under Makhleb
  5915 | D:9      | Reached XP level 10. HP: 75/76 MP: 10/10
  5934 | D:9      | Noticed a tengu warrior
  5964 | D:9      | Killed a tengu warrior
  5996 | D:9      | Noticed a centaur warrior
  6004 | D:9      | Killed a centaur warrior
  6005 | D:9      | Reached skill level 10 in Stealth
  6005 | D:9      | Reached skill level 1 in Shields
  6051 | D:9      | Reached *** piety under Makhleb
  6113 | D:9      | Found a staircase to the Lair.
  6238 | D:9      | Noticed a green ugly thing
  6239 | D:9      | Noticed a gargoyle
  6239 | D:9      | Noticed a purple ugly thing
  6240 | D:9      | Noticed a deep elf pyromancer
  6279 | D:9      | Killed a purple ugly thing
  6698 | D:8      | Killed a gargoyle
  6699 | D:8      | Reached skill level 5 in Shields
  6711 | D:8      | Killed a deep elf pyromancer
  7218 | D:9      | Killed a white ugly thing
  7287 | D:9      | Got the Reference Book on the Different Wayfarer
  7331 | D:9      | Noticed Erolcha
  7342 | D:9      | Killed Erolcha
  7343 | D:9      | Reached XP level 11. HP: 73/81 MP: 11/11
  7347 | D:9      | Reached skill level 5 in Dodging
  7370 | D:9      | Gained mutation: Your magical capacity is low. (-10% MP)
                  | [potion of mutation]
  7371 | D:9      | Lost mutation: Your magical capacity is low. (-10% MP)
                  | [potion of mutation]
  7371 | D:9      | Gained mutation: You have a beak for a mouth. [potion of
                  | mutation]
  7371 | D:9      | Gained mutation: You passively map a small area around you.
                  | [potion of mutation]
  7598 | D:10     | Entered Level 10 of the Dungeon
  7899 | D:10     | Found Udooryno's Self-Improvement Boutique.
  7902 | D:10     | Noticed a two-headed ogre
  7915 | D:10     | Killed a two-headed ogre
  8657 | Lair:1   | Entered Level 1 of the Lair of Beasts
  8668 | Lair:1   | Noticed a boulder beetle
  8726 | Lair:1   | Killed a boulder beetle
  9161 | Lair:1   | Reached **** piety under Makhleb
  9176 | Lair:1   | Noticed a lindwurm
  9189 | Lair:1   | Killed a lindwurm
  9388 | Lair:1   | HP: 3/87 [poisoned by a cane toad]
  9648 | Lair:1   | Reached skill level 5 in Armour
 10169 | Lair:1   | Gained mutation: A meltable icy envelope protects you from
                  | harm. (AC +8) [demonic ancestry]
 10169 | Lair:1   | Reached XP level 12. HP: 89/95 MP: 12/12
 10488 | Lair:1   | Reached skill level 10 in Invocations
 10488 | Lair:1   | Gained mutation: Your melee attacks may debilitate your
                  | foes. [demonic ancestry]
 10488 | Lair:1   | Reached XP level 13. HP: 101/101 MP: 12/20
 10812 | Lair:2   | Found a staircase to the Snake Pit.
 11846 | Lair:3   | Reached ***** piety under Makhleb
 11884 | Lair:3   | Found an ancient bone altar of Kikubaaqudgha.
 12011 | Lair:3   | Found a staircase to the Shoals.
 12803 | D:10     | Bought a manual of Shields for 800 gold pieces
 12950 | Lair:4   | Found a transporter.
 13042 | Lair:4   | Found a transporter.
 13101 | Lair:4   | Identified the +9 hand axe of Painful Death {venom, Dex+4
                  | Stlth+}
 13410 | Lair:4   | Reached skill level 10 in Short Blades
 13425 | Lair:4   | Reached XP level 14. HP: 108/108 MP: 21/21
 13673 | Lair:5   | Entered Level 5 of the Lair of Beasts
 13742 | Lair:5   | Found a viscous altar of Jiyva.
 13743 | Lair:5   | Found a staircase to the Slime Pits.
 14290 | Lair:5   | Noticed Urug
 14298 | Lair:5   | Reached skill level 10 in Shields
 14315 | Lair:5   | Killed Urug
 14720 | Lair:5   | Found a large runed translucent door.
 14721 | Lair:5   | Found a large runed translucent door.
 14952 | Lair:5   | Reached skill level 11 in Invocations
 16238 | D:12     | Reached skill level 12 in Invocations
 16402 | D:12     | Found a staircase to the Orcish Mines.
 16468 | Orc:1    | Entered Level 1 of the Orcish Mines
 16468 | Orc:1    | Found Luum Muta's Jewellery Shoppe.
 16511 | Orc:1    | Reached ****** piety under Makhleb
 16629 | Orc:2    | Entered Level 2 of the Orcish Mines
 16750 | Orc:2    | Found a staircase to the Elven Halls.
 16758 | Orc:2    | Found Wefykhlinn's Mayhem Merchandise.
 16760 | Orc:2    | Noticed Azrael
 17116 | Orc:2    | Killed Azrael
 17117 | Orc:2    | Reached skill level 13 in Invocations
 17465 | Orc:2    | Found Weneheokh's Firing Range.
 17590 | Orc:2    | Found Badgheuco's General Store.
 17592 | Orc:2    | Found Etikovva's Specific Store.
 17845 | Orc:2    | Noticed an orc warlord
 17884 | Orc:2    | Reached skill level 14 in Invocations
 17897 | Orc:2    | Killed an orc warlord
 18136 | Orc:2    | Reached skill level 15 in Invocations
 18136 | Orc:2    | Reached skill level 1 in Evocations
 18277 | Orc:2    | Found Vianwyt's Antique Armour Shoppe.
 18278 | Orc:2    | Found Emie's Antique Weapon Shoppe.
 18280 | Orc:2    | Found Raffo's General Store.
 18280 | Orc:2    | Found Joralil's Jewellery Emporium.
 18285 | Orc:2    | Bought a tiger eye-studded leather armour for 154 gold
                  | pieces
 18285 | Orc:2    | Identified the +1 leather armour of Classification {rF+
                  | rN++} (You bought it in a shop on level 2 of the Orcish
                  | Mines)
 18296 | Orc:2    | Bought a scroll of brand weapon for 161 gold pieces
 18715 | Orc:1    | Noticed Fannar
 18781 | Orc:2    | Killed Fannar
 18962 | Orc:2    | Upgraded the game from 0.30-a0-702-gdf48620a09 to
                  | 0.30-a0-711-gf4ac18a38d
 18989 | D:12     | Noticed Lodul
 19003 | D:12     | Killed Lodul
 19004 | D:12     | Gained mutation: You have hoof-like feet. [demonic
                  | ancestry]
 19004 | D:12     | Reached XP level 15. HP: 113/113 MP: 26/26
 19371 | D:12     | Reached skill level 5 in Evocations
 19452 | D:12     | Found a bloodstained altar of Trog.
 19453 | D:12     | Found a shimmering altar of Xom.
 19453 | D:12     | Found a shimmering blue altar of Sif Muna.
 19456 | D:12     | Found an ornate altar of the Wu Jian Council.
 19456 | D:12     | Found a basalt altar of Yredelemnul.
 19456 | D:12     | Found a bloodstained altar of Trog.
 19832 | Snake:1  | Entered Level 1 of the Snake Pit
 20606 | Shoals:1 | Entered Level 1 of the Shoals
 21783 | Shoals:2 | Found Yneecim's Distillery.
 21815 | Shoals:2 | Bought a potion of heal wounds for 55 gold pieces
 21861 | Shoals:2 | Reached skill level 10 in Fighting
 21867 | Shoals:2 | Reached skill level 1 in Spellcasting
 22009 | Shoals:2 | Found Ucyan's General Store.
 22543 | Shoals:3 | Noticed Ilsuiw
 22822 | Shoals:3 | Killed Ilsuiw
 22828 | Shoals:3 | Reached skill level 5 in Spellcasting
 23011 | Shoals:3 | Found Tontuocs's Magic Scroll Emporium.
 23411 | Shoals:3 | Found a runed translucent gate.
 23412 | Shoals:3 | Found a runed translucent gate.
 23413 | Shoals:3 | Found a runed translucent gate.
 23413 | Shoals:3 | Noticed Roluilex's ghost (adept DgIE)
 23710 | Shoals:3 | Killed Roluilex's ghost
 23832 | Shoals:4 | Entered Level 4 of the Shoals
 23969 | Shoals:4 | Reached XP level 16. HP: 122/122 MP: 26/28
 23973 | Shoals:4 | Reached skill level 1 in Hexes
 24107 | Shoals:4 | HP: 4/122 [merfolk javelineer/javelin (20)]
 24644 | Shoals:3 | Learned a level 3 spell: Tukima's Dance
 24697 | Shoals:4 | HP: 3/122 [merfolk/+0 trident[a merfolk aquamancer] (12)]
 24700 | Shoals:4 | Reached skill level 5 in Hexes
 24724 | Shoals:4 | Noticed Bai Suzhen
 24739 | Shoals:4 | HP: 6/122 [Bai Suzhen (9)]
 24739 | Shoals:4 | Killed from afar by a water nymph

Illustrated notes

Levels and vault maps discovered:
D:1:      eino_arrival_water_star, layout_loops_corners,
          amcnicky_mini_pool_small, chequers_serial_rivers_small_a, st_stairs_2,
          chequers_jeans
D:2:      layout_basic, kennysheep_generic_room_16
D:4:      layout_basic, mainiacjoe_overflow_six_doors_small
D:5:      layout_rooms, minmay_temple_entry_gardened_gates,
          kennysheep_flooded_box
D:6:      layout_basic, serial_rivers, chequers_serial_rivers_small_3,
          chequers_serial_rivers_marsh, chequers_serial_rivers_room_a,
          chequers_serial_rivers_marsh, chequers_serial_rivers_large_b,
          roderic_lattice_a, uniq_menkaure, uniq_sigmund, uniq_blork_the_orc
D:7:      layout_rooms
D:8:      layout_gridville, enter_ossuary_2
D:9:      minmay_the_grid_octo_triangle [minmay_the_grid_octo_vomiting_pacman,
          minmay_the_grid_octo_prize_ultimate_mussel_roller,
          minmay_the_grid_octo_77], layout_loops_cross, lair_entry_dummy,
          kennysheep_generic_room_2, uniq_erolcha
D:10:     layout_stronghold, nicolae_shop_self_help
D:11:     layout_loops_ring
D:12:     layout_irregular_city, david_orc_5, doesnt_xom_only_xom, uniq_lodul
Temple:   mainiacjoe_temple_cubbyholes
Lair:1:   layout_gridlike, st_stairs_4, minmay_shattered_shrine
Lair:2:   layout_cave_shapes, minmay_snake_entry_guardpost_medium,
          hangedman_lair_generics_rect, infiniplex_staircase_pool
Lair:3:   layout_long_grid, elwin_shoals_entry_rocks, basic_altar,
          serial_bayou_shore_b
Lair:4:   gammafunk_cloud_chamber, layout_misc_corridors, grunt_megastairs_5,
          infiniplex_staircase_pool_2
Lair:5:   cheibrodos_lair_end_hotspot, layout_gridlike, slime_entry_1,
          serial_bayou_shore_b, uniq_urug
Shoals:1: layout_shoals, nicolae_shoals_lost_giant_baths, nicolae_splish_splash
Shoals:2: layout_shoals, serial_shops, nicolae_lakefront_shop,
          nicolae_stop_n_shop_1
Shoals:3: layout_shoals, ebering_ghost_rock_garden, serial_shops, shop,
          uniq_ilsuiw
Shoals:4: shoals_end_grunt_ice, layout_shoals, uniq_bai_suzhen
Snake:1:  layout_onion_interference, gammafunk_ghost_wrathful_warriors,
          serial_bayou_shore_b, uniq_nikola
Orc:1:    layout_caves, minmay_shop_enchanted_jewellery, uniq_fannar
Orc:2:    st_orc_congregation, layout_caves, nicolae_orc_bridge_out,
          minmay_shop_mayhem, nicolae_specific_store, nicolae_orc_rockfall,
          nicolae_shop_firing_range, uniq_azrael

Skill      XL: |  1  2  3  4  5  6  7  8  9 10 11 12 13 14 15 16 |
---------------+-------------------------------------------------+-----
Stealth        | 1 2 8 10 | 10.0
Fighting       | 4 6 9 10 | 10.0
Maces & Flails | 2 3 5 6 |  6.0
Armour         | 4 6 9 |  9.0
Short Blades   | 5 6 10 | 10.0
Shields        | 6 7 12 | 12.0
Dodging        | 4 7 |  7.0
Invocations    | 10 15 | 15.0
Evocations     | 4 8 |  8.0
Spellcasting   | 8 |  8.0
Hexes          | 5 |  5.7
Throwing       | |  1.7

Action                     |  1- 3 |  4- 6 |  7- 9 | 10-12 | 13-15 | 16-18 || total
---------------------------+-------+-------+-------+-------+-------+-------++-------
  Melee: Rapier            |   142 |       |       |       |       |       ||   142
         Kick              |    16 |    13 |   120 |   205 |   948 |    56 ||  1358
         Punch             |     4 |       |     1 |       |       |       ||     5
         Whip              |     1 |    65 |    42 |       |       |       ||   108
         Dagger            |       |       |   304 |   536 |  2397 |   136 ||  3373
         Peck              |       |       |       |   106 |   645 |    36 ||   787
  Throw: Javelin           |     1 |       |       |       |       |       ||     1
         Throwing net      |     1 |       |       |     4 |     1 |       ||     6
         Dart              |       |       |       |     1 |     2 |       ||     3
   Cast: Tukima's Dance    |       |       |       |       |       |     6 ||     6
 Invoke: Major Destruction |       |       |       |       |     5 |     2 ||     7
         Greater Servant o |       |       |       |       |     4 |     3 ||     7
         Lesser Servant of |       |       |       |       |     2 |       ||     2
  Evoke: Wand              |       |       |       |     2 |     1 |       ||     3
         Phantom mirror    |       |       |       |       |     1 |     1 ||     2
         Box of beasts     |       |       |       |       |       |     1 ||     1
    Use: Scroll            |     8 |     1 |     6 |     9 |     5 |     3 ||    32
         Potion            |     1 |       |       |     6 |    10 |    12 ||    29
   Stab: Sleeping          |     5 |       |       |       |     7 |       ||    12
         Distracted        |     1 |       |     1 |       |     6 |     2 ||    10
         Held in net/web   |       |       |       |     2 |       |       ||     2
 Armour: Leather armour    |    66 |     1 |       |       |       |       ||    67
         Chain mail        |       |    23 |   119 |   185 |   471 |       ||   798
         Troll leather arm |       |       |       |       |    77 |    46 ||   123
  Dodge: Dodged            |   114 |    34 |   186 |   249 |   781 |   101 ||  1465
  Block: Other             |    11 |    16 |    22 |       |       |       ||    49
         Buckler           |       |       |    90 |   259 |  1069 |       ||  1418
         Reflection        |       |       |       |       |    95 |     4 ||    99
         Kite shield       |       |       |       |       |   497 |   178 ||   675

Table legend: (Time is in decaauts)
 A = Elapsed time spent in this place.
 B = Non-inter-level travel time spent in this place.
 C = Inter-level travel time spent in this place.
 D = Time resting spent in this place.
 E = Time spent auto-exploring this place.
 F = Levels seen in this place.
 G = Mean time per level.
                   A        B        C        D        E       F      G
               +--------+--------+--------+--------+--------+-----+--------+
         Total |  23881 |  22125 |   1756 |   4440 |  12481 |  25 |  955.2 |
       Dungeon |  10032 |   9294 |    738 |   1148 |   6358 |  11 |  912.0 |
        Temple |    334 |    253 |     81 |      0 |    250 |   1 |  334.0 |
          Lair |   7056 |   6553 |    503 |   1901 |   3291 |   5 | 1411.2 |
        Shoals |   3902 |   3698 |    204 |    882 |   1720 |   4 |  975.5 |
     Snake Pit |    177 |    177 |      0 |     18 |      7 |   1 |  177.0 |
  Orcish Mines |   2192 |   1966 |    226 |    490 |    752 |   2 | 1096.0 |
       Ossuary |    185 |    185 |      0 |      0 |    103 |   1 |  185.0 |
               +--------+--------+--------+--------+--------+-----+--------+

Top non-repeatable levels by time:
  Lair:1: 2233 daAuts
Shoals:3: 1678 daAuts
     D:8: 1606 daAuts
  Lair:5: 1545 daAuts
   Orc:2: 1508 daAuts
  Lair:2: 1418 daAuts
     D:1: 1302 daAuts
     D:9: 1235 daAuts
    D:10: 1107 daAuts
  Lair:3: 1080 daAuts
Shoals:2: 969 daAuts
    D:12: 959 daAuts
     D:6: 954 daAuts
Shoals:1: 945 daAuts
  Lair:4: 777 daAuts
